Map: Ascension to Aiur LE

Players

PiG - Winner!

  • Race: Zerg Zerg
  • League: Grandmaster
  • Spawn Location: 11:00

Cuddlebear

  • Race: Zerg Zerg
  • League: Grandmaster
  • Spawn Location: 5:00

VOD

Have the link to the VOD?

Description

Time

  • Played on: May 31, 2017, 6:23 p.m.
  • Length: 7:04
Show
View Real Time Build Order
Export as new Build Order

PiG Zerg - Winner!

Build Orders: Hatch First, Zergling Baneling 

Get SALT Encoding   

  12  0:02  Drone  
  13  0:12  Overlord  
  13  0:17  Drone  
  14  0:31  Drone x2  
  14  0:35  Drone  
  17  0:52  Hatchery  
  17  0:55  Drone  
  17  0:59  Drone  
  18  1:07  Drone  
  18  1:09  Extractor  
  18  1:17  Spawning Pool  
  17  1:20  Drone  
  18  1:28  Drone  
  19  1:38  Overlord  
  19  1:52  Drone  
  20  2:04  Queen  
  20  2:05  Zergling x2  
  20  2:06  Queen, Zergling x2  
  26  2:09  Metabolic Boost  
  26  2:11  Drone  
  27  2:16  Drone  
  27  2:22  Drone  
  29  2:32  Drone  
  30  2:39  Hatchery  
  29  2:44  Baneling Nest  
  29  2:47  Drone  
  29  2:49  Drone  
  30  2:56  Zergling x2  
  31  3:03  Zergling x2  
  30  3:06  Overlord  
  30  3:07  Overlord  
  30  3:08  Drone  
  31  3:21  Overlord  
  31  3:29  Zergling x2  
  31  3:30  Zergling x10  
  31  3:31  Baneling  
  37  3:40  Zergling x4  
  39  3:46  Zergling x2  
  39  3:47  Zergling x4  
  42  3:50  Baneling x2  
  41  3:58  Zergling x6  
  41  3:59  Queen, Zergling x2  
  47  4:06  Baneling  
  47  4:10  Baneling x3  
  44  4:17  Zergling x8  
  45  4:28  Zergling x8  
  45  4:29  Baneling  
  45  4:30  Baneling  
  45  4:31  Baneling  
  46  4:33  Zergling x4  
  48  4:38  Zergling x2  
  43  4:53  Baneling x3  
  43  4:55  Zergling x14  
  43  4:59  Baneling  
  50  5:06  Baneling x2  
  49  5:09  Drone x2  
  49  5:10  Drone x2  
  52  5:22  Drone x5  
  52  5:26  Baneling x2  
  52  5:43  Overlord  
  52  5:44  Zergling x4  
  53  5:50  Queen  
  53  5:54  Roach Warren, Drone x2  
  53  5:55  Extractor  
  51  6:04  Baneling  
  51  6:05  Baneling x2  
  51  6:09  Drone  
  51  6:10  Drone x2  
  53  6:18  Drone x5  
  52  6:38  Zergling x8  
  52  6:39  Roach x2  
  59  6:40  Roach  
  59  6:41  Roach x2  
Show
View Real Time Build Order
Export as new Build Order

Cuddlebear Zerg 

Build Orders: Hatch First 

Get SALT Encoding   

  12  0:00  Drone  
  13  0:08  Drone  
  14  0:17  Overlord  
  14  0:22  Extractor  
  14  0:23  Drone  
  15  0:35  Drone  
  15  0:36  Drone  
  17  0:52  Hatchery  
  17  0:55  Drone  
  17  0:58  Drone  
  18  1:09  Extractor  
  17  1:13  Spawning Pool  
  17  1:16  Drone  
  17  1:19  Drone  
  18  1:27  Drone  
  19  1:37  Overlord  
  19  1:49  Drone  
  20  2:00  Queen  
  20  2:01  Zergling x2  
  23  2:04  Queen  
  23  2:05  Zergling x2  
  26  2:08  Metabolic Boost  
  26  2:10  Drone  
  27  2:16  Drone  
  27  2:22  Drone  
  29  2:35  Hatchery  
  28  2:43  Zergling x2  
  29  2:45  Baneling Nest  
  29  2:47  Drone  
  29  2:48  Drone  
  30  2:57  Drone x2  
  32  3:01  Overlord  
  31  3:09  Zergling x6  
  34  3:14  Zergling x2  
  34  3:16  Overlord  
  35  3:21  Zergling x2  
  35  3:22  Zergling x2  
  37  3:27  Zergling x4  
  37  3:28  Zergling x2  
  40  3:40  Zergling x6  
  43  3:48  Baneling x2  
  43  3:49  Baneling x2  
  43  3:51  Zergling x8  
  46  4:00  Baneling x2  
  43  4:17  Zergling x14  
  43  4:18  Zergling x4  
  43  4:35  Zergling x4  
  42  4:41  Zergling x4  
  41  4:49  Drone  
  41  4:54  Roach Warren, Zergling x4  
  41  5:09  Zergling x4  
  41  5:14  Baneling  
  41  5:15  Baneling x3  
  41  5:17  Zergling x6  
  41  5:18  Zergling x10  
  48  5:42  Zergling x2  
  44  5:43  Zergling x8  
  31  6:05  Baneling x3  
  31  6:06  Zergling x10  
  28  6:13  Zergling x10  
  23  6:41  Baneling x2  
  23  6:42  Baneling x2  
  23  6:45  Zergling x8  
Tags
 
Add a new tag
Caveats
  • Supply blocks, unpowered buildings, or Contaminate may cause inaccurate times.
  • Supply counts are checked every 10 seconds.